[Event "Titled Tuesday Blitz June 07 Early 2022"]
[White "Svane, Frederik"]
[Black "Sarana, Alexey"]
[WhiteFideId "12923044"]
[BlackFideId "24133795"]
[WhiteElo "2459"]
[BlackElo "2666"]
[Result "1/2-1/2"]
[Round "04"]
[TimeControl "180+1"]
[Date "2022.06.07"]
[WhiteClock "0:00:17"]
[BlackClock "0:00:07"]

1. e4 c5 2. Nf3 d6 3. Bb5+ Bd7 4. c4 Nf6 5. Nc3 g6 6. d4 cxd4 7. Nxd4 Bg7 8. Be3 O-O 9. h3 Nc6 10. O-O Rc8 11. Rc1 Qa5 12. Nb3 Qd8 13. Nd4 a6 14. Bxc6 bxc6 15. Nf3 Qa5 16. Qd2 Rb8 17. Rfd1 Qh5 18. Qe2 a5 19. b3 a4 20. bxa4 Be6 21. c5 d5 22. exd5 Nxd5 23. Bd4 Bh6 24. Rb1 Nf4 25. Qe5 Qxe5 26. Nxe5 Rbc8 27. Be3 f6 28. Nf3 Kf7 29. Nd4 Rc7 30. Nxe6 Kxe6 31. Rb6 Ra8 32. Bxf4 Bxf4 33. Nd5 Kf5 34. Nxc7 Bxc7 35. Rxc6 Be5 36. Rb6 Rxa4 37. Rc1 Rxa2 38. Rb3 Ra7 39. c6 Ra8 40. Rd3 Rc8 41. Kf1 Ke6 42. Ke2 h5 43. g3 g5 44. g4 hxg4 45. hxg4 Bd6 46. Rc4 Ra8 47. Kf3 Rc8 48. Rc2 Ra8 49. Ke4 Ra4+ 50. Rd4 Ra8 51. Kd3 Rc8 52. Rcc4 Be5 53. Rd7 Bd6 54. Rb7 Kd5 55. Rb5+ Ke6 56. Ke4 Bc7 57. Rb7 Bd6 58. Rb5 Bc7 59. Kd3 Bd6 60. Kc2 Be5 61. Rb7 Kd5 62. Kd3 Bd6 63. Rb5+ Ke6 1/2-1/2


[Site "https://www.chess.com"]

[Event "Titled Tuesday Blitz June 07 Early 2022"]
[White "Taboas Rodriguez, Daniel"]
[Black "Jobava, Baadur"]
[WhiteFideId "2208466"]
[BlackFideId "13601520"]
[WhiteElo "2429"]
[BlackElo "2617"]
[Result "1-0"]
[Round "04"]
[TimeControl "180+1"]
[Date "2022.06.07"]
[WhiteClock "0:00:38"]
[BlackClock "0:01:00"]

1. d4 c6 2. Nf3 d5 3. c4 Nf6 4. cxd5 cxd5 5. Nc3 Nc6 6. Bf4 a6 7. Rc1 Bf5 8. e3 e6 9. Qb3 Bb4 10. Be2 O-O 11. O-O Qe7 12. Na4 Na5 13. Qd1 Rac8 14. Nb6 Rxc1 15. Qxc1 h6 16. a3 g5 17. Bg3 Bd6 18. Nc8 Rxc8 19. Qxc8+ Kg7 20. Bxd6 Qxd6 21. b4 Nb3 22. Qxb7 Ne4 23. Ne5 Qf8 24. Bxa6 h5 25. b5 Na5 26. Qc7 Nc4 27. b6 Nxb6 28. Qxb6 Qxa3 29. Qb7 Nd6 30. Qc6 g4 31. Bb5 Qb4 32. Bd3 Bxd3 33. Nxd3 Qa3 34. Nf4 h4 35. Qd7 Kf6 36. Qd8+ Kf5 37. Qxh4 Ne4 38. Qh5+ Kf6 39. Qxg4 Qc3 40. Qh4+ Kg7 41. Nh5+ Kg6 42. Qg4+ Kh6 43. Ng3 Nd2 44. Rd1 Nc4 45. h4 Kh7 46. Nh5 Kh6 47. Qg5+ 1-0


[Site "https://www.chess.com"]

[Event "Titled Tuesday Blitz June 07 Early 2022"]
[White "Tristan, Leonardo"]
[Black "Djokic, Mihailo"]
[WhiteFideId "113816"]
[BlackFideId "976440"]
[WhiteElo "2404"]
[BlackElo "2255"]
[Result "0-1"]
[Round "04"]
[TimeControl "180+1"]
[Date "2022.06.07"]
[WhiteClock "0:00:11"]
[BlackClock "0:00:07"]

1. d4 Nf6 2. Nf3 g6 3. Bf4 Bg7 4. e3 O-O 5. Be2 d6 6. O-O Nbd7 7. h3 Ne4 8. c4 e5 9. Bh2 exd4 10. exd4 Re8 11. Nbd2 Nxd2 12. Qxd2 Nf6 13. Bd3 d5 14. Rfe1 Ne4 15. Qc2 Bf5 16. Ne5 c6 17. c5 Qh4 18. Nf3 Qh6 19. Be5 f6 20. Bh2 g5 21. Nd2 Qh4 22. Nxe4 Bxe4 23. Bg3 Bxd3 24. Qxd3 Qh5 25. Qb3 Qf7 26. Qa4 a6 27. Qc2 f5 28. Be5 Bxe5 29. Rxe5 Rxe5 30. dxe5 Re8 31. Re1 Re6 32. Qd2 h6 33. Qd4 f4 34. b4 Qf5 35. a4 Qc2 36. b5 axb5 37. axb5 Qc4 38. Qxc4 dxc4 39. b6 Kf7 40. g4 c3 41. Kg2 c2 42. Kf3 Rxe5 43. Rc1 Rxc5 44. Ke4 Ke6 45. Kd4 Rd5+ 46. Kc3 Rb5 47. Rxc2 Rc5+ 48. Kd3 Rxc2 49. Kxc2 Ke5 50. Kc3 Kd5 51. Kb4 Kd4 52. f3 c5+ 53. Kb3 Kd3 54. Ka4 c4 55. Kb5 c3 56. Kc5 c2 57. Kd6 c1=Q 58. Ke5 Qc6 59. Kf5 Qxf3 60. Kg6 Qxh3 61. Kf5 f3 62. Kg6 Qxg4 63. Kh7 Qf5+ 64. Kg7 g4 65. Kxh6 g3 66. Kg7 g2 67. Kh6 f2 68. Kg7 g1=Q+ 69. Kh6 Qgg6# 0-1


[Site "https://www.chess.com"]

[Event "Titled Tuesday Blitz June 07 Early 2022"]
[White "Urazayev, Arystanbek"]
[Black "Bluebaum, Matthias"]
[WhiteFideId "13709810"]
[BlackFideId "24651516"]
[WhiteElo "2422"]
[BlackElo "2556"]
[Result "1-0"]
[Round "04"]
[TimeControl "180+1"]
[Date "2022.06.07"]
[WhiteClock "0:00:45"]
[BlackClock "0:00:13"]

1. e4 c6 2. d4 d5 3. Nd2 dxe4 4. Nxe4 Nf6 5. Nxf6+ exf6 6. c3 Bd6 7. Bd3 O-O 8. Qc2 Re8+ 9. Be3 h5 10. Nf3 Nd7 11. O-O-O Nf8 12. h3 Be6 13. g4 Bd5 14. Nh4 Qa5 15. Nf5 Rad8 16. gxh5 Bxh1 17. Rxh1 Qxa2 18. Qd1 Qa1+ 19. Bb1 Ba3 20. Qb3 Bxb2+ 21. Qxb2 Qa5 22. Rg1 Ne6 23. Nxg7 Nxg7 24. h6 Rd5 25. Rxg7+ Kf8 26. Qb4+ Qxb4 27. cxb4 Rh5 28. Rg3 f5 29. d5 Rc8 30. Bc5+ Ke8 31. d6 b6 32. h7 bxc5 33. Bxf5 Rxf5 34. Rg8+ Kd7 35. h8=Q Rxg8 36. Qxg8 Kxd6 37. Qf8+ Ke6 38. bxc5 Rxf2 39. Qd6+ Kf5 40. Qxc6 Kf4 41. Qd6+ Ke3 42. c6 f5 43. c7 f4 44. c8=Q Rf1+ 45. Kc2 Rf2+ 46. Kc3 Kf3 47. Qg4+ Ke3 48. Qd3# 1-0


[Site "https://www.chess.com"]

[Event "Titled Tuesday Blitz June 07 Early 2022"]
[White "Uskov, Artem"]
[Black "Kozak, Antoni"]
[WhiteFideId "34254854"]
[BlackFideId "21832030"]
[WhiteElo "2335"]
[BlackElo "2320"]
[Result "1-0"]
[Round "04"]
[TimeControl "180+1"]
[Date "2022.06.08"]
[WhiteClock "0:00:41"]
[BlackClock "0:00:03"]

1. e4 c5 2. Nf3 d6 3. d4 Nf6 4. Nc3 cxd4 5. Nxd4 a6 6. Bg5 e6 7. f4 h6 8. Bh4 Qb6 9. a3 Nc6 10. Bf2 Nxd4 11. Bxd4 Qc7 12. Qf3 Be7 13. h3 e5 14. Be3 exf4 15. Bxf4 Be6 16. O-O-O Rc8 17. g4 Nd7 18. Qg3 Ne5 19. Rh2 O-O 20. g5 Bxg5 21. Bxg5 hxg5 22. Qxg5 b5 23. Rg2 f6 24. Qd2 Rfd8 25. h4 Kh8 26. h5 Bg4 27. h6 g6 28. Be2 Be6 29. Rf2 Qe7 30. Rdf1 Rf8 31. h7 Rc7 32. Qh6 Qg7 33. Qd2 Rd7 34. Nd1 Rb7 35. Qxd6 Re7 36. Qxe5 Bh3 37. Rxf6 Rxf6 38. Qb8+ Kxh7 39. Rh1 Qh6+ 40. Kb1 Kg7 41. Qg3 Be6 42. Rxh6 Kxh6 43. e5 Rf5 44. Qh4+ 1-0


[Site "https://www.chess.com"]

[Event "Titled Tuesday Blitz June 07 Early 2022"]
[White "Van Foreest, Jorden"]
[Black "Babazada, Khazar"]
[WhiteFideId "1039784"]
[BlackFideId "13413554"]
[WhiteElo "2609"]
[BlackElo "2406"]
[Result "1-0"]
[Round "04"]
[TimeControl "180+1"]
[Date "2022.06.07"]
[WhiteClock "0:00:23"]
[BlackClock "0:00:04"]

1. a4 e5 2. e4 Nc6 3. Nf3 Nf6 4. Nc3 d5 5. Bb5 d4 6. Ne2 Bd6 7. Ng3 Bd7 8. d3 Ne7 9. Bg5 a6 10. Bc4 Bb4+ 11. Kf1 Nc6 12. Nh5 Rg8 13. c3 dxc3 14. bxc3 Bxc3 15. Rb1 Qe7 16. Rxb7 Ba5 17. Bd5 Bb6 18. Qb3 Rc8 19. Qb2 a5 20. g3 Nb4 21. Bc4 Bg4 22. Nxe5 Bxh5 23. g4 Bg6 24. h4 Qd6 25. Bf4 Bd4 26. Nxg6 Qc5 27. Qb3 hxg6 28. Bxf7+ Kf8 29. Bxg6 Qe7 30. Bd6 cxd6 31. Rxe7 Kxe7 32. Qf7+ Kd8 33. g5 Rc7 34. Qe6 Re8 35. Bxe8 Nxe8 36. h5 Re7 37. Qc4 Bc5 38. h6 gxh6 39. gxh6 Nc6 40. h7 Ne5 41. Qg8 1-0


[Site "https://www.chess.com"]

[Event "Titled Tuesday Blitz June 07 Early 2022"]
[White "Vokhidov, Shamsiddin"]
[Black "Akbas, Umut Ata"]
[WhiteFideId "14204223"]
[BlackFideId "44572646"]
[WhiteElo "2611"]
[BlackElo "1590"]
[Result "1-0"]
[Round "04"]
[TimeControl "180+1"]
[Date "2022.06.07"]
[WhiteClock "0:02:33"]
[BlackClock "0:02:39"]

1. e4 e5 2. Nf3 Nc6 3. Nc3 Nf6 4. a3 Be7 5. d4 exd4 6. Nxd4 O-O 7. Nxc6 dxc6 8. Bd3 b6 9. O-O Bb7 10. e5 Nd5 11. Ne4 b5 12. Qh5 g6 13. Qh6 Re8 14. Ng5 Bxg5 15. Bxg5 Qc8 16. Bf6 1-0


[Site "https://www.chess.com"]

[Event "Titled Tuesday Blitz June 07 Early 2022"]
[White "Volkov, Maksim"]
[Black "Aitbayev, Aslan"]
[WhiteFideId "54123070"]
[BlackFideId "13704613"]
[WhiteElo "2155"]
[BlackElo "2385"]
[Result "0-1"]
[Round "04"]
[TimeControl "180+1"]
[Date "2022.06.07"]
[WhiteClock "0:00:07"]
[BlackClock "0:00:09"]

1. d4 d6 2. c4 g6 3. Nf3 Bg7 4. g3 Bg4 5. Bg2 Qc8 6. h3 Bd7 7. Nc3 Nf6 8. Bg5 O-O 9. Qd2 Nc6 10. Bh6 e5 11. dxe5 dxe5 12. Bxg7 Kxg7 13. g4 Be6 14. b3 Qd8 15. Qe3 Nd7 16. Rd1 Qe7 17. Ng5 Rad8 18. O-O Nd4 19. f4 f6 20. Nxe6+ Nxe6 21. f5 Qc5 22. Qxc5 Nexc5 23. b4 Na6 24. a3 c6 25. Rd6 Nb6 26. c5 Nc4 27. Rxd8 Rxd8 28. fxg6 hxg6 29. Ne4 Rf8 30. g5 fxg5 31. Rxf8 Kxf8 32. Nxg5 Nxa3 33. Ne6+ Ke7 34. Ng5 Nxb4 35. h4 a5 36. Ne4 Nc4 37. Nc3 Nb2 38. Be4 Kf6 39. Kf2 a4 40. Nb1 Nc4 41. Bd3 Nxd3+ 42. exd3 Na5 0-1


[Site "https://www.chess.com"]

[Event "Titled Tuesday Blitz June 07 Early 2022"]
[White "Xiong, Jeffery"]
[Black "Al-Tarboush, Ward"]
[WhiteFideId "2047640"]
[BlackFideId "7601450"]
[WhiteElo "2714"]
[BlackElo "2249"]
[Result "1-0"]
[Round "04"]
[TimeControl "180+1"]
[Date "2022.06.07"]
[WhiteClock "0:01:48"]
[BlackClock "0:00:23"]

1. Nf3 b6 2. d4 Bb7 3. c4 Nf6 4. g3 e6 5. Bg2 Be7 6. O-O O-O 7. Nc3 d6 8. Qc2 c5 9. d5 exd5 10. cxd5 Nbd7 11. e4 a6 12. a4 Re8 13. Re1 Bf8 14. Bf4 g6 15. h3 Nh5 16. Be3 Bg7 17. Nd2 Qf6 18. Nc4 h6 19. Qd2 g5 20. Qd1 Qg6 21. Bf3 Nhf6 22. Nxd6 Nxd5 23. Nxe8 Nxc3 24. Qxd7 Bc6 25. Qd3 c4 26. Qxc4 b5 27. axb5 axb5 28. Rxa8 Kh7 29. Qd3 Nxe4 30. Nxg7 Bxa8 31. Nh5 1-0


[Site "https://www.chess.com"]

[Event "Titled Tuesday Blitz June 07 Early 2022"]
[White "Yaksin, Oleg"]
[Black "Narayanan, Srinath"]
[WhiteFideId "24105880"]
[BlackFideId "5018420"]
[WhiteElo "2256"]
[BlackElo "2472"]
[Result "1-0"]
[Round "04"]
[TimeControl "180+1"]
[Date "2022.06.08"]
[WhiteClock "0:00:18"]
[BlackClock "0:00:32"]

1. d4 Nf6 2. c4 e6 3. g3 c5 4. d5 exd5 5. cxd5 d6 6. Nc3 g6 7. Bg2 Bg7 8. Nf3 O-O 9. O-O Re8 10. Bf4 a6 11. a4 Ne4 12. Nxe4 Rxe4 13. Nd2 Rb4 14. Ne4 f5 15. Ng5 Qe7 16. Rb1 Nd7 17. Ne6 Ne5 18. Nxg7 Qxg7 19. Bd2 Rd4 20. Qc2 Bd7 21. b3 Rf8 22. Bc3 f4 23. Bxd4 cxd4 24. Qc7 Qe7 25. Rbd1 d3 26. exd3 Rf7 27. Rfe1 f3 28. d4 fxg2 29. dxe5 dxe5 30. Qxe5 Qf8 31. Qe3 Bg4 32. Rd2 Bf3 33. d6 Bc6 34. Qe6 Kg7 35. Re5 Bd7 36. Qd5 Bc6 37. Qd4 Kg8 38. Re7 Rxe7 39. dxe7 Qxe7 40. Qd8+ Kf7 41. Qxe7+ Kxe7 42. Rd3 Ke6 43. Re3+ Kd6 44. f3 Bd5 45. Kxg2 Kc5 46. Kf2 h5 47. Re5 Kd4 48. Rxd5+ Kxd5 49. Ke3 b5 50. axb5 axb5 51. f4 Kc5 52. Kd3 Kb4 53. Kc2 Kc5 54. Kc3 Kd5 55. Kb4 Kc6 56. h3 Kb6 57. g4 hxg4 58. hxg4 Kc6 59. f5 g5 60. Ka5 Kc5 61. f6 Kd6 62. Kxb5 Ke6 63. Kc6 Kxf6 64. b4 Ke5 65. b5 Kf4 66. b6 Kxg4 67. b7 Kh3 68. b8=Q g4 69. Qh8+ Kg2 70. Kd5 g3 71. Ke4 Kf2 72. Qf6+ Ke2 73. Qg5 g2 74. Qxg2+ Kd1 75. Kd3 Ke1 76. Qe2# 1-0


[Site "https://www.chess.com"]

[Event "Titled Tuesday Blitz June 07 Early 2022"]
[White "Yang, Kaiqi"]
[Black "Asadli, Vugar"]
[WhiteFideId "8604398"]
[BlackFideId "13405764"]
[WhiteElo "2373"]
[BlackElo "2635"]
[Result "0-1"]
[Round "04"]
[TimeControl "180+1"]
[Date "2022.06.07"]
[WhiteClock "0:00:03"]
[BlackClock "0:01:04"]

1. d4 g6 2. h4 Nf6 3. c4 Bg7 4. Nc3 O-O 5. h5 Nxh5 6. e4 d6 7. g4 Nf6 8. g5 Nfd7 9. f4 c5 10. d5 e6 11. Qc2 exd5 12. Qh2 h5 13. gxh6 Bxc3+ 14. bxc3 dxe4 15. h7+ Kh8 16. f5 Nf6 17. Bg5 Nbd7 18. Qxd6 b5 19. Rd1 Bb7 20. Nh3 Qb6 21. Nf4 gxf5 22. Rh6 Ng4 23. Qe7 Rae8 24. Qxd7 Qa5 25. Bf6+ Nxf6 26. Rxf6 Qxc3+ 27. Kf2 Qf3+ 28. Ke1 Qg3+ 29. Kd2 Qxf4+ 30. Kc2 Bc8 31. Qd6 Qg5 32. Be2 Be6 33. Rxe6 fxe6 34. Qe5+ Qf6 35. Qf4 b4 36. Rd7 Qc3+ 37. Kd1 Rd8 38. Qd6 Rxd7 39. Qxd7 Qd4+ 40. Qxd4+ cxd4 41. c5 d3 0-1


[Site "https://www.chess.com"]

[Event "Titled Tuesday Blitz June 07 Early 2022"]
[White "Yuan, Qingyu"]
[Black "Thorhallsson, Simon"]
[WhiteFideId "8609772"]
[BlackFideId "2310090"]
[WhiteElo "2359"]
[BlackElo "2137"]
[Result "0-1"]
[Round "04"]
[TimeControl "180+1"]
[Date "2022.06.08"]
[WhiteClock "0:00:18"]
[BlackClock "0:00:13"]

1. e4 d5 2. exd5 Qxd5 3. Nc3 Qd6 4. d4 Nf6 5. Nf3 c6 6. g3 Bg4 7. h3 Bxf3 8. Qxf3 e6 9. Be3 Be7 10. Bg2 O-O 11. O-O Nd5 12. Bd2 Nxc3 13. Bxc3 Nd7 14. Rad1 Nb6 15. b3 Bf6 16. Bb2 Rfd8 17. Qe2 Qc7 18. c4 Rd7 19. d5 Bxb2 20. Qxb2 cxd5 21. cxd5 Nxd5 22. Rc1 Qb6 23. Rfd1 Rad8 24. a3 h6 25. Rd3 Nf6 26. Rxd7 Rxd7 27. Qc2 g6 28. b4 Kg7 29. Qc3 Qd6 30. Qb2 b6 31. Rc2 e5 32. Re2 Qd4 33. Qa2 h5 34. h4 Ng4 35. Bf3 Rc7 36. Kg2 Rc3 37. Qb2 f6 38. Rd2 Rd3 39. Qxd4 Rxd4 40. Rc2 Rd7 41. Rc8 f5 42. Bc6 Rd2 43. Rc7+ Kf6 44. Rxa7 Rxf2+ 45. Kg1 e4 46. a4 e3 47. Bb5 e2 48. Bxe2 Rxe2 49. Rb7 Re6 50. a5 bxa5 51. bxa5 Ra6 52. Rb6+ Rxb6 53. axb6 Ne5 54. Kf2 Nd7 55. b7 Ke5 56. Ke3 Nb8 57. Kf3 Nc6 58. Ke3 Nb8 59. Kf3 Ke6 60. Kf4 Kf6 61. Kf3 g5 62. Kf2 gxh4 63. gxh4 Ke5 64. Ke3 f4+ 65. Kf2 Kf5 66. Kf3 Nd7 67. Kf2 Kg4 68. Kg2 Kxh4 69. Kf3 Kg5 70. Ke4 Nb8 71. Kf3 Kf5 72. Kf2 Kg4 73. Kg2 f3+ 74. Kf2 Kf4 75. Kg1 Kg3 76. Kh1 h4 77. Kg1 h3 78. Kh1 Nd7 79. Kg1 f2+ 80. Kf1 h2 81. Ke2 h1=Q 82. b8=Q+ Nxb8 83. Kd2 Qd5+ 84. Kc2 Qd4 85. Kb3 Qc5 86. Ka2 Qb4 87. Ka1 f1=Q+ 88. Ka2 Qfb1# 0-1


[Site "https://www.chess.com"]

[Event "Titled Tuesday Blitz June 07 Early 2022"]
[White "Zhigalko, Sergei"]
[Black "Sargsyan, Anna M."]
[WhiteFideId "13502956"]
[BlackFideId "13308130"]
[WhiteElo "2662"]
[BlackElo "2271"]
[Result "1/2-1/2"]
[Round "04"]
[TimeControl "180+1"]
[Date "2022.06.07"]
[WhiteClock "0:00:06"]
[BlackClock "0:00:07"]

1. e4 e5 2. Nf3 Nc6 3. Bc4 Bc5 4. b4 Bxb4 5. c3 Ba5 6. d4 exd4 7. O-O Nge7 8. Ng5 d5 9. Nxf7 Kxf7 10. exd5 Ne5 11. Bb3 dxc3 12. d6+ Be6 13. Qh5+ N7g6 14. Qf5+ Qf6 15. Bxe6+ Kf8 16. dxc7 Bxc7 17. Ba3+ Ke8 18. Nxc3 Nf4 19. Qxf6 gxf6 20. Bb3 Bd8 21. Ne4 Be7 22. Bb2 Nfd3 23. Bd4 b6 24. f4 Nc6 25. Be3 Kf8 26. Bd5 Ndb4 27. Bb3 Rd8 28. Rad1 Kg7 29. Ng3 Kg6 30. h3 Rxd1 31. Rxd1 Rd8 32. Re1 Bc5 33. Bxc5 bxc5 34. Ne4 Nd4 35. Nxc5 Nxb3 36. axb3 Rd2 37. Kf1 h5 38. Re2 Rd1+ 39. Kf2 h4 40. Kf3 Rd5 41. Ne4 Rd3+ 42. Re3 Rd1 43. Nf2 Rb1 44. Kg4 Nd5 45. Rf3 Rg1 46. Kxh4 Rxg2 47. f5+ Kh7 48. Ng4 Rc2 49. Rd3 Nf4 50. Rd7+ Kg8 51. Nxf6+ Kf8 52. Nh7+ Ke8 53. Nf6+ Kf8 54. Kg4 Rf2 55. Nh7+ Ke8 56. Nf6+ Kf8 57. Rxa7 Nd3 58. Nh7+ Ke8 59. Nf6+ Kf8 60. Nd5 Ne5+ 61. Kg5 Nc6 62. Rc7 Nd4 63. Rc8+ Kf7 64. Rc7+ Kf8 65. Ne3 Rxf5+ 66. Nxf5 Ne6+ 67. Kf6 Nxc7 68. Ke5 Kf7 69. Nd6+ Ke7 70. b4 Kd7 71. h4 Ne6 72. h5 Ng7 73. h6 Ne6 74. h7 Nf8 75. h8=Q Ng6+ 76. Kd5 Nxh8 77. Nc4 Kc7 78. Kc5 Nf7 79. b5 Nd8 80. Na5 Nb7+ 81. Kb4 Nxa5 82. Kxa5 Kb7 83. Kb4 Kc7 84. Kc5 Kb7 85. Kc4 Kb6 86. Kb4 Kb7 87. Ka5 Ka7 88. b6+ Kb7 89. Kb5 Kb8 90. Kc5 Kb7 91. Kb5 Kb8 92. Kc6 Kc8 93. Kc5 Kb7 94. Kb5 1/2-1/2


[Site "https://www.chess.com"]

[Event "Titled Tuesday Blitz June 07 Early 2022"]
[White "Andreikin, Dmitry"]
[Black "Maghsoodloo, Parham"]
[WhiteFideId "4158814"]
[BlackFideId "12539929"]
[WhiteElo "2736"]
[BlackElo "2607"]
[Result "0-1"]
[Round "05"]
[TimeControl "180+1"]
[Date "2022.06.07"]
[WhiteClock "0:00:01"]
[BlackClock "0:00:17"]

1. d4 Nf6 2. c4 e6 3. Nf3 d5 4. g3 Be7 5. Bg2 O-O 6. O-O dxc4 7. Qc2 b5 8. a4 b4 9. Nfd2 Nd5 10. Nxc4 c5 11. dxc5 Ba6 12. Nbd2 Nd7 13. e4 N5f6 14. c6 Nc5 15. Nb3 Nxb3 16. Qxb3 Qd4 17. Na5 Ng4 18. Qd1 Qxd1 19. Rxd1 Bc5 20. Rd2 Rad8 21. Bf3 Ne5 22. Kg2 Bb6 23. Rxd8 Rxd8 24. c7 Rd7 25. Bf4 Nxf3 26. Rc1 Ne1+ 27. Kg1 Bc8 28. Nc4 Nd3 29. Nxb6 axb6 30. Rc6 Nxf4 31. gxf4 Kf8 32. f3 Ke7 33. Rxb6 Rxc7 34. Rxb4 Rc2 35. Rb6 Kd7 36. a5 Kc7 37. b4 Rb2 38. h4 g6 39. Rb5 Bd7 40. Rb6 Bc6 41. Kf1 f5 42. e5 h5 43. Kg1 Bxf3 44. Rxe6 Rxb4 45. Rxg6 Rxf4 46. a6 Rg4+ 47. Rxg4 fxg4 48. Kf2 Kd7 49. Kg3 Ke6 50. Kf4 Bd5 51. a7 Ba8 52. Kg5 g3 53. Kxh5 g2 54. Kg4 g1=Q+ 0-1


[Site "https://www.chess.com"]

[Event "Titled Tuesday Blitz June 07 Early 2022"]
[White "Atakhan, Abtin"]
[Black "Ivic, Velimir"]
[WhiteFideId "22502203"]
[BlackFideId "950122"]
[WhiteElo "2087"]
[BlackElo "2610"]
[Result "0-1"]
[Round "05"]
[TimeControl "180+1"]
[Date "2022.06.07"]
[WhiteClock "0:00:03"]
[BlackClock "0:00:40"]

1. d4 Nf6 2. c4 g6 3. Nc3 d5 4. Bf4 Bg7 5. e3 O-O 6. cxd5 Nxd5 7. Nxd5 Qxd5 8. Bxc7 Na6 9. Bxa6 Qxg2 10. Qf3 Qxf3 11. Nxf3 bxa6 12. Rc1 f6 13. O-O Bg4 14. Nd2 Rf7 15. Bg3 Re8 16. Rc7 e5 17. Rxf7 Kxf7 18. dxe5 fxe5 19. Ne4 Rd8 20. Rc1 Rd7 21. f3 Bf5 22. Ng5+ Ke7 23. Nxh7 Bh6 24. Bh4+ Kf7 25. Ng5+ Kg7 26. e4 Bh3 27. Kf2 Rd2+ 28. Kg3 Bd7 29. Rc7 Kg8 30. Rxa7 Bb5 31. Ra8+ Kg7 32. Ne6+ Kf7 33. Bg5 Kxe6 34. Bxh6 Rxb2 35. a4 Bf1 36. h3 Rg2+ 37. Kh4 Rh2 38. Bg7 Rxh3+ 39. Kg5 Rg3+ 40. Kh4 Rg1 41. Rf8 g5+ 42. Kh5 Be2 43. Rf6+ Ke7 44. Kg6 g4 45. Rf7+ Ke6 46. Rf6+ Ke7 47. Rf7+ Kd6 48. fxg4 Rxg4+ 49. Kf6 Rf4+ 50. Kg6 Bh5+ 0-1


[Site "https://www.chess.com"]

[Event "Titled Tuesday Blitz June 07 Early 2022"]
[White "Babazada, Khazar"]
[Black "Mustafayev, Farid"]
[WhiteFideId "13413554"]
[BlackFideId "13408771"]
[WhiteElo "2406"]
[BlackElo "2115"]
[Result "1-0"]
[Round "05"]
[TimeControl "180+1"]
[Date "2022.06.07"]
[WhiteClock "0:01:10"]
[BlackClock "0:01:07"]

1. Nf3 Nf6 2. g3 g6 3. Bg2 Bg7 4. O-O O-O 5. c4 d6 6. d4 Nc6 7. Nc3 e5 8. e4 Bg4 9. d5 Nd4 10. Be3 Nxf3+ 11. Bxf3 Bxf3 12. Qxf3 Nd7 13. g4 Qh4 14. Qg3 Qxg3+ 15. hxg3 f5 16. gxf5 gxf5 17. exf5 Rxf5 18. Ne4 h6 19. Kg2 Raf8 20. Rh1 Nf6 21. Nxf6+ R5xf6 22. Rh4 a6 23. b4 Rd8 24. a4 Rg6 25. a5 c6 26. Rd1 Rc8 27. c5 Bf8 28. cxd6 Rxd6 29. Bc5 Rxd5 30. Rxd5 cxd5 31. Bxf8 Kxf8 32. Rxh6 d4 33. Rh8+ 1-0


[Site "https://www.chess.com"]

[Event "Titled Tuesday Blitz June 07 Early 2022"]
[White "Beerdsen, Thomas"]
[Black "Uskov, Artem"]
[WhiteFideId "1030108"]
[BlackFideId "34254854"]
[WhiteElo "2585"]
[BlackElo "2335"]
[Result "1-0"]
[Round "05"]
[TimeControl "180+1"]
[Date "2022.06.07"]
[WhiteClock "0:01:46"]
[BlackClock "0:01:49"]

1. e4 Nf6 2. Nc3 d5 3. exd5 Nxd5 4. Bc4 e6 5. Nf3 c6 6. O-O Be7 7. d4 O-O 8. Re1 b5 9. Bd3 a6 10. a4 Bb7 11. Ne5 Nd7 12. Qh5 N5f6 13. Qh4 b4 14. Bg5 bxc3 15. Nxd7 h6 16. Nxf6+ Bxf6 17. Bxf6 Qxf6 18. Qxf6 gxf6 19. bxc3 c5 20. Reb1 Rfb8 21. Rb6 Bd5 22. dxc5 Rc8 23. c4 Bc6 24. a5 Be8 25. Be4 Ra7 26. c6 f5 27. Bf3 Kf8 28. Rab1 Rac7 29. Rxa6 Bxc6 30. Rxc6 Rxc6 31. Bxc6 Rxc6 32. Ra1 Ra6 33. f4 Ke7 34. Kf2 Kd6 35. Kg3 Kc5 36. Kh4 Kxc4 37. Kh5 Kc3 38. Kxh6 Kxc2 39. Kg7 Kb2 40. Re1 Ra7 41. h4 Rxa5 42. h5 Ra4 43. g3 Ra3 44. Rg1 e5 45. fxe5 Ra6 46. Kxf7 Rh6 47. Rh1 Kc3 48. e6 1-0


[Site "https://www.chess.com"]

[Event "Titled Tuesday Blitz June 07 Early 2022"]
[White "Bluebaum, Matthias"]
[Black "Papasimakopoulos, Alexandros"]
[WhiteFideId "24651516"]
[BlackFideId "4244125"]
[WhiteElo "2556"]
[BlackElo "2340"]
[Result "1/2-1/2"]
[Round "05"]
[TimeControl "180+1"]
[Date "2022.06.07"]
[WhiteClock "0:00:18"]
[BlackClock "0:00:27"]

1. d4 f5 2. Nf3 Nf6 3. c4 g6 4. e3 Bg7 5. b4 O-O 6. Be2 c6 7. a4 d5 8. O-O Ne4 9. Bb2 Be6 10. Nbd2 Nd7 11. Nxe4 fxe4 12. Ng5 Rf6 13. Nxe6 Rxe6 14. Qb3 Nf6 15. b5 Rd6 16. Ba3 Rd7 17. Rab1 e6 18. Rfc1 Rc8 19. bxc6 bxc6 20. cxd5 exd5 21. Ba6 Rcc7 22. Qb8 Bf8 23. Bxf8 Kxf8 24. a5 Qxb8 25. Rxb8+ Ke7 26. h3 Kd6 27. Rcb1 c5 28. Bb5 Re7 29. dxc5+ Rxc5 30. a6 Nd7 31. Rd8 Rc7 32. Be2 Ke5 33. f4+ exf3 34. Bxf3 Nf6 35. Kh2 Rcd7 36. Rdb8 Re6 37. Ra1 Rdd6 38. Be2 Rb6 39. Rb7 Rxb7 40. axb7 Rb6 41. Rxa7 Nd7 42. b8=Q+ Nxb8 43. Rxh7 Nc6 44. Rg7 Kf6 45. Rd7 Ne7 46. Bf3 Re6 47. Bxd5 Nxd5 48. Rxd5 Rxe3 49. Rd6+ Kg7 50. Rc6 Ra3 51. Rd6 Rb3 52. h4 Ra3 53. g3 Rb3 54. Kh3 Rb4 55. Rc6 Ra4 56. Rc7+ Kh6 57. Rd7 Ra3 58. Rd4 Rb3 59. Kg4 Ra3 60. Rf4 Rb3 61. Rf6 Rb4+ 62. Kf3 Rb3+ 63. Kg2 Rb4 64. Rd6 Ra4 65. Kh3 Ra3 66. Rc6 Rb3 67. Kg2 Rb2+ 68. Kh3 Rb3 69. Re6 Ra3 70. Kg2 Ra2+ 71. Kf3 Ra3+ 72. Re3 Ra6 73. g4 Kg7 74. Re7+ Kf6 75. Re3 Ra4 76. Kg3 Rb4 77. Rf3+ Kg7 78. Ra3 Rb7 79. Kf4 Rb4+ 80. Kg3 Rb7 81. Re3 Rc7 82. Kf4 Rb7 83. Re5 Rc7 84. Kg5 Rb7 85. Rd5 Rc7 86. Rb5 Rd7 87. Rb6 Rd5+ 88. Kf4 Rc5 89. Rb4 Rc7 90. Re4 Rd7 91. Re5 Rc7 92. Kg5 Rb7 93. h5 gxh5 94. Kxh5 Kg8 95. g5 Rb8 96. Kh6 Ra8 97. Re7 Rb8 98. Rg7+ Kh8 99. Rh7+ Kg8 100. Rc7 Ra8 101. Rb7 Rc8 102. Ra7 Rb8 103. Kg6 Rc8 104. Kh6 Rb8 105. g6 Rc8 106. Rg7+ Kh8 107. Rf7 Kg8 108. Rb7 Ra8 109. Rc7 Rb8 110. Rc4 Ra8 111. Rf4 Rb8 112. Rf5 Ra8 113. Rf6 Rb8 114. g7 Rc8 115. Kg6 Rb8 116. Re6 Rc8 117. Rd6 Rb8 118. Rc6 Rd8 119. Ra6 Rb8 120. Rf6 Rc8 121. Rf8+ Rxf8 122. gxf8=B 1/2-1/2


[Site "https://www.chess.com"]

[Event "Titled Tuesday Blitz June 07 Early 2022"]
[White "Bortnyk, Olexandr"]
[Black "Sadubayev, Airat"]
[WhiteFideId "14120828"]
[BlackFideId "13713264"]
[WhiteElo "2723"]
[BlackElo "2230"]
[Result "1-0"]
[Round "05"]
[TimeControl "180+1"]
[Date "2022.06.07"]
[WhiteClock "0:00:04"]
[BlackClock "0:00:02"]

1. d4 d5 2. Nc3 Nf6 3. Bf4 Bf5 4. e3 e6 5. Nf3 Bd6 6. Ne5 h6 7. Bd3 Bxd3 8. cxd3 c6 9. O-O Qe7 10. Qb3 Nh5 11. Rfe1 Nxf4 12. exf4 O-O 13. f5 Qc7 14. fxe6 fxe6 15. Rac1 Qb6 16. Qa4 Na6 17. Nd7 Bxh2+ 18. Kxh2 Qc7+ 19. Ne5 Rxf2 20. Rf1 Rxb2 21. Rf7 Qd8 22. Qd1 Qh4+ 23. Kg1 Qxd4+ 24. Kh1 Qxe5 25. Qf3 Nb4 26. Rf1 Qxc3 27. Qg4 Re8 28. d4 g5 29. Qh5 Qc2 30. Rg7+ Kxg7 31. Qf7+ Kh8 32. Qxe8+ Kg7 33. Rf7+ Kg6 34. Rf2+ Kg7 35. Qe7+ Kg6 36. Qxe6+ Kg7 37. Qf7+ Kh8 38. Qe8+ Kh7 39. Rxc2 Nxc2 40. Qf7+ Kh8 41. Kh2 a5 42. Kh3 Nb4 43. Kg4 Rxg2+ 44. Kh5 1-0


[Site "https://www.chess.com"]